 Dungeon Sprint DCSS version 0.28-a0-1387-g3a22ab9bdc (webtiles) character file.

Game seed: 9727993055866156169

6380 mhtbhm the Severer (level 10, -9/154 HPs)
             Began as a Minotaur Berserker on Jan 2, 2022.
             Was a High Priest of Trog.
             Mangled by a spriggan berserker (34 damage)
             ... in the Dungeon (Sprint IV: "Fedhas' Mad Dash").
             The game lasted 00:04:32 (3076 turns).

mhtbhm the Severer (Minotaur Berserker)             Turns: 3076, Time: 00:04:33

Health: -9/154     AC: 12    Str: 27    XL:     10   Next: 65%
Magic:  9/9        EV: 12    Int:  4    God:    Trog [*****.]
Gold:   64         SH:  0    Dex: 12    Spells: 9/9 levels left

rFire   . . .      SeeInvis .   a - +3 executioner's axe (flame)
rCold   . . .      Faith    .   (shield currently unavailable)
rNeg    . . .      Spirit   .   b - +0 scale mail
rPois   .          Reflect  .   (helmet restricted)
rElec   .          Harm     .   j - +0 cloak
rCorr   .          Rampage  .   l - +0 pair of fencer's gloves {Riposte Dex+3}
Will    .....      NoTele   +   (no boots)
Stlth   ..........              i - amulet of invisibility {+Inv}
HPRegen 0.35/turn               (no ring)
MPRegen 0.11/turn               (no ring)

@: berserking (expiring), very quick
A: horns 2, retaliatory headbutt
a: Renounce Religion, Evoke Invisibility, Berserk, Trog's Hand, Brothers in Arms


You were in the Dungeon.
You worshipped Trog.
Trog was extremely pleased with you.
You visited 1 branch You collected 251 gold pieces.
You spent 187 gold pieces at shops.

Inventory:

Hand Weapons
 a - a +3 executioner's axe of flaming (weapon)
Armour
 b - a +0 scale mail (worn)
 j - a +0 cloak (worn)
 l - the +0 pair of fencer's gloves (worn) {Riposte Dex+3}
   (You found it in the Dungeon)

   It allows the wearer to riposte with melee weapons, swiftly retaliating
   against missed attacks.
   Dex:       It affects your dexterity (+3).
Jewellery
 i - the amulet of invisibility (around neck) {+Inv}
   (You found it in the Dungeon)

   [amulet of nothing]

   +Inv:      It lets you turn invisible.
Scrolls
 h - 3 scrolls of blinking
 m - a scroll of identify {unknown}
Potions
 c - a potion of curing
 d - a potion of heal wounds
 e - a potion of haste
 f - 2 potions of magic
 g - a potion of berserk rage
Miscellaneous
 k - a phantom mirror
 n - a piece from Xom's chessboard (15/15)


   Skills:
 + Level 14.1 Fighting
 * Level 17.8 Axes
 + Level 13.5 Armour
 + Level 6.1 Dodging
 - Level 8.8 Stealth
 + Level 8.1 Evocations


You had 9 spell levels left.
You didn't know any spells.
Your spell library was empty.

Dungeon Overview and Level Annotations

Branches:
Dungeon (1/1)

Altars:
Cheibriados
Dithmenos
Elyvilon
Gozag
Hepliaklqana
Kikubaaqudgha
Makhleb
Nemelex Xobeh
Okawaru
Qazlal
Ru
Sif Muna
Trog
Uskayaw
Vehumet
Wu Jian
Xom
Yredelemnul
Zin
The Shining One
Beogh
Jiyva
Lugonu

Shops:
D ([:?*?(


Innate Abilities, Weirdness & Mutations

You have a pair of horns on your head.
You reflexively headbutt those who attack you in melee.


Message History

The spriggan berserker prays to Trog.
The spriggan berserker goes berserk!
A red film seems to cover your vision as you go berserk!
You feel yourself moving faster!
You feel mighty!
The spriggan berserker hits you with a +0 broad axe!
You miss the spriggan berserker.
Your headbutt misses the spriggan berserker.
The spriggan berserker hits you with a +0 broad axe!!!
You miss the spriggan berserker.
The spriggan berserker hits you with a +0 broad axe!!
You are too injured to fight recklessly!
You are too injured to fight recklessly!
You are too injured to fight recklessly!
You are too injured to fight recklessly!
You are too injured to fight recklessly!
You are too injured to fight recklessly!
You are too injured to fight recklessly!
You are too injured to fight recklessly!
You are too injured to fight recklessly!
You are too injured to fight recklessly!
You are too injured to fight recklessly!
You are too injured to fight recklessly!
You miss the spriggan berserker. You headbutt the spriggan berserker!
The spriggan berserker is moderately wounded.
The spriggan berserker hits you with a +0 broad axe!!
You completely miss the spriggan berserker.
The spriggan berserker is moderately wounded.
The spriggan berserker hits you with a +0 broad axe!
* * * LOW HITPOINT WARNING * * *
Unknown command.
You closely miss the spriggan berserker.
You headbutt the spriggan berserker, but do no damage.
The spriggan berserker is lightly wounded.
The spriggan berserker hits you with a +0 broad axe!
* * * LOW HITPOINT WARNING * * *
You slash the spriggan berserker! You burn the spriggan berserker.
Your headbutt misses the spriggan berserker.
The spriggan berserker is moderately wounded.
The spriggan berserker hits you with a +0 broad axe!!
You die...

.#..._._._._...#..###'##..[##∩#..
##.._._._._._..#.(##∩∩.'...#####.
.#._._._._._.⌠.#################.
.###################......###....
##♣♣♣♣♣..♣.###.'..'.......))'...♣
'......♣..♣##:.#.)#......)#######
#♣..♣♣♣.♣).###)##'##.P....#
#.♣♣.(♣...♣'...#♣.♣######## ##
############@....# #.i♣..♣....#
#...♣......♣.. ...... ♣.....∩.
##### #########


You could see a spriggan berserker (berserk).

Vanquished Creatures
  Agnes (D)
  A spriggan druid (D)
  6 oklob plants (D)
  A demonic crawler (D)
  3 burning bushes (D)
  A queen bee (D)
  A hornet (D)
  3 wandering mushrooms (D)
  3 scorpions (D)
  4 killer bees (D)
  5 oklob saplings (D)
  5 spriggans (D)
  A river rat (D)
  A rat (D)
  A ballistomycete spore (D)
37 creatures vanquished.

Vanquished Creatures (others)
  A fungus (D)
1 creature vanquished.

Grand Total: 38 creatures vanquished

Notes
Turn   | Place    | Note
-------+----------+-------------------------------------------
     0 | D        | mhtbhm the Minotaur Berserker began the quest for the Orb.
     0 | D        | Reached XP level 1. HP: 19/19 MP: 0/0
    13 | D        | Reached skill level 4 in Axes
    13 | D        | Reached XP level 2. HP: 28/28 MP: 1/1
    88 | D        | Noticed a scorpion
    89 | D        | Noticed an oklob sapling
    90 | D        | Killed an oklob sapling
    90 | D        | Reached ** piety under Trog
    91 | D        | Reached skill level 6 in Axes
    91 | D        | Reached XP level 3. HP: 37/37 MP: 2/2
    91 | D        | Killed a scorpion
    92 | D        | Reached skill level 7 in Axes
    92 | D        | Reached XP level 4. HP: 47/47 MP: 3/3
    94 | D        | Found the amulet of invisibility {+Inv}
   149 | D        | Found an opulent altar of Gozag.
   149 | D        | Found a hazy altar of Hepliaklqana.
   149 | D        | Found a burning altar of Makhleb.
   149 | D        | Found a sparkling altar of Nemelex Xobeh.
   149 | D        | Found a snail-covered altar of Cheibriados.
   149 | D        | Found a sacrificial altar of Ru.
   149 | D        | Found a shimmering blue altar of Sif Muna.
   149 | D        | Found a shimmering altar of Xom.
   149 | D        | Found a basalt altar of Yredelemnul.
   150 | D        | Found a viscous altar of Jiyva.
   150 | D        | Found a bloodstained altar of Trog.
   150 | D        | Found an ornate altar of the Wu Jian Council.
   151 | D        | Found an iron altar of Okawaru.
   151 | D        | Found a shadowy altar of Dithmenos.
   151 | D        | Found a glowing silver altar of Zin.
   152 | D        | Found an ancient bone altar of Kikubaaqudgha.
   152 | D        | Found a hide-covered altar of Uskayaw.
   153 | D        | Found a stormy altar of Qazlal.
   153 | D        | Found a white marble altar of Elyvilon.
   153 | D        | Found a glowing golden altar of the Shining One.
   154 | D        | Found a corrupted altar of Lugonu.
   154 | D        | Found a radiant altar of Vehumet.
   624 | D        | Reached skill level 8 in Axes
   624 | D        | Reached skill level 5 in Armour
   624 | D        | Reached skill level 1 in Evocations
   624 | D        | Reached XP level 5. HP: 56/56 MP: 2/4
   734 | D        | Reached skill level 9 in Axes
   792 | D        | Reached *** piety under Trog
   799 | D        | Reached skill level 1 in Stealth
   799 | D        | Reached XP level 6. HP: 59/66 MP: 5/5
   803 | D        | Reached skill level 10 in Axes
   819 | D        | Found Jets's Antique Armour Shop.
   819 | D        | Found Eguha's Antique Weapon Emporium.
   943 | D        | Noticed a queen bee
   952 | D        | Reached skill level 10 in Fighting
   954 | D        | Reached **** piety under Trog
   958 | D        | Reached skill level 11 in Axes
   968 | D        | Killed a queen bee
   969 | D        | Reached skill level 5 in Dodging
   969 | D        | Reached XP level 7. HP: 10/74 MP: 4/6
  1288 | D        | Noticed an oklob plant
  1294 | D        | Killed an oklob plant
  1295 | D        | Reached skill level 12 in Axes
  1295 | D        | Reached XP level 8. HP: 83/83 MP: 7/7
  1345 | D        | Noticed a burning bush
  1354 | D        | Killed a burning bush
  1355 | D        | Reached skill level 13 in Axes
  1355 | D        | Reached skill level 5 in Evocations
  1498 | D        | Noticed a burning bush
  1498 | D        | Noticed an oklob plant
  1499 | D        | Noticed a wandering mushroom
  1512 | D        | Killed a burning bush
  1512 | D        | Reached ***** piety under Trog
  1513 | D        | Reached skill level 10 in Armour
  1704 | D        | Killed an oklob plant
  1705 | D        | Reached skill level 14 in Axes
  1705 | D        | Reached skill level 5 in Stealth
  1705 | D        | Reached XP level 9. HP: 42/91 MP: 6/8
  1955 | D        | Found the +0 pair of fencer's gloves {Riposte Dex+3}
  1957 | D        | Noticed a spriggan druid
  1966 | D        | Killed a spriggan druid
  2060 | D        | Noticed an oklob plant conjurer
  2063 | D        | Killed an oklob plant conjurer
  2063 | D        | Received a gift from Trog
  2189 | D        | Noticed an oklob plant
  2189 | D        | Noticed an oklob plant summoner
  2190 | D        | Noticed an oklob plant shifter
  2196 | D        | Killed an oklob plant
  2197 | D        | Reached skill level 15 in Axes
  2200 | D        | Killed an oklob plant summoner
  2268 | D        | Killed an oklob plant shifter
  2279 | D        | Noticed a demonic crawler
  2281 | D        | Noticed a spriggan rider
  2284 | D        | Killed a demonic crawler
  2285 | D        | Reached XP level 10. HP: 89/101 MP: 9/9
  2288 | D        | Received a gift from Trog
  2413 | D        | Found Hessaej's Magic Scroll Emporium.
  2557 | D        | Found Zublus's Antique Weapon Shoppe.
  2578 | D        | Bought a scroll of blinking for 105 gold pieces
  2664 | D        | Reached skill level 16 in Axes
  2669 | D        | Reached ****** piety under Trog
  2671 | D        | Found Wafoin's Assorted Antiques.
  2671 | D        | Found Doghuec's Magic Scroll Shoppe.
  2676 | D        | Bought a scroll of blinking for 82 gold pieces
  2764 | D        | Noticed Agnes
  2776 | D        | Killed Agnes
  2777 | D        | Reached skill level 17 in Axes
  3068 | D        | Found Ixocw's Book Emporium.
  3068 | D        | Noticed a spriggan berserker
  3076 | D        | Mangled by a spriggan berserker

Illustrated notes

Levels and vault maps discovered:
D:        dungeon_sprint_fedhas [sprint_temple]

Skill      XL: |  1  2  3  4  5  6  7  8  9 10 |
---------------+-------------------------------+-----
Fighting       | 4 6 7 8 9 11 12 13 14 | 14.1
Axes           | 4 6 7 8 9 11 12 14 15 17 | 17.8
Armour         | 3 4 5 6 8 9 10 12 13 | 13.5
Dodging        | 3 4 5 6 |  6.1
Evocations     | 1 2 3 4 5 7 8 |  8.1
Stealth        | 1 2 3 5 8 |  8.8

Action                   |  1- 3 |  4- 6 |  7- 9 | 10-12 || total
-------------------------+-------+-------+-------+-------++-------
Melee: Hand axe          |     7 |    49 |    58 |       ||   114
       Headbutt          |     3 |     6 |    26 |     7 ||    42
       Executioner's axe |       |       |    11 |    31 ||    42
Invok: Berserk           |     2 |     5 |     6 |     2 ||    15
       Brothers in Arms  |       |       |       |     1 ||     1
 Abil: Evoke Invisibilit |       |     3 |     4 |     1 ||     8
  Use: Potion            |       |       |       |     1 ||     1
 Stab: Invisible         |       |     3 |     7 |     1 ||    11
       Sleeping          |       |       |     1 |       ||     1
Armor: Scale mail        |       |     4 |     4 |     7 ||    15
Dodge: Dodged            |     3 |    14 |    12 |    14 ||    43
       Rpst.: Executioner's axe |       |       |     1 |     4 ||     5

Table legend: (Time is in decaauts)
 A = Elapsed time spent in this place.
 B = Non-inter-level travel time spent in this place.
 C = Inter-level travel time spent in this place.
 D = Time resting spent in this place.
 E = Time spent auto-exploring this place.
 F = Levels seen in this place.
 G = Mean time per level.
                   A        B        C        D        E       F      G
               +--------+--------+--------+--------+--------+-----+--------+
         Total |   3170 |   3116 |     54 |   2402 |      0 |   1 | 3170.0 |
       Dungeon |   3170 |   3116 |     54 |   2402 |      0 |   1 | 3170.0 |
               +--------+--------+--------+--------+--------+-----+--------+

Top non-repeatable levels by time:
       D: 3170 daAuts
